 Dungeon Crawl Stone Soup version 0.24.0-123-gd5b16e6ec5 (webtiles) character file.

Game seed: 1572628018366427614, levelgen mode: deterministic

195781 1994 the Slayer (level 18, -4/227 HPs)
             Began as an Ogre Arcane Marksman on Jan 4, 2020.
             Was the Champion of Trog.
             Slain by a deep elf knight
             ... wielding a +0 long sword
              (6 damage)
             ... on level 2 of the Elven Halls.
             The game lasted 03:02:56 (49416 turns).

1994 the Slayer (Ogre Arcane Marksman)             Turns: 49416, Time: 03:02:57

Health: -4/227     AC: 12    Str: 18    XL:     18   Next: 35%
Magic:  9/9        EV: 10    Int: 19    God:    Trog [******]
Gold:   3025       SH:  0    Dex:  9    Spells: 16/19 levels left

rFire    + . .     SeeInvis .   b - +6 giant club (antimagic)
rCold    . . .     Gourm    .   (shield currently unavailable)
rNeg     . . .     Faith    +   o - +0 swamp dragon scales
rPois    +         Spirit   .   (helmet restricted)
rElec    +         Reflect  .   z - +2 cloak
rCorr    .         Harm     .   (gloves unavailable)
MR       +....                  (boots unavailable)
Stlth    +.........             e - amulet of faith
HPRegen  0.47/turn              k - ring "Qofrio Xinath" {rElec rPois MP+9 Str-2 Stlth+}
MPRegen  0.11/turn              X - ring of protection from fire

@: no status effects
A: large, unfitting armour, tough skin 1
}: 1/15 runes: decaying
a: Berserk, Trog's Hand, Brothers in Arms, Renounce Religion


You were on level 2 of the Elven Halls.
You worshipped Trog.
Trog was exalted by your worship.
You were not hungry.

You visited 6 branches of the dungeon, and saw 30 of its levels.
You also visited: Ice Cave and Volcano.

You collected 3187 gold pieces.
You spent 162 gold pieces at shops.

Inventory:

Hand Weapons
 a - a +2 great mace of flaming
 b - a +6 antimagic giant club (weapon)
 t - a +6 dire flail of holy wrath
 w - a +2 eveningstar of freezing
 G - the +7 morningstar of Capital Punishment {vamp, rElec MR++ Dex-5 Stlth+}
   (You took it off a death knight on level 15 of the Dungeon)

   It inflicts no extra harm, but heals its wielder when it wounds a living foe.
   It affects your dexterity (-5).
   It insulates you from electricity.
   It affects your resistance to hostile enchantments.
   It makes you more stealthy.
 L - a +0 giant spiked club
Missiles
 c - 34 large rocks
 d - 4 throwing nets
 g - 19 curare-tipped darts
 r - 7 silver javelins
 A - 58 boomerangs
 E - 24 javelins
 M - 781 stones (quivered)
 P - 8 datura-tipped darts
Armour
 i - +0 ice dragon scales
 o - +0 swamp dragon scales (worn)
 z - a +2 cloak (worn)
 Q - a +0 troll leather armour
Magical Staves
 h - an uncursed staff of wizardry
Jewellery
 e - an amulet of faith (around neck)
 k - the ring "Qofrio Xinath" (left hand) {rElec rPois MP+9 Str-2 Stlth+}
   (You found it on level 1 of the Swamp)

   [ring of magical power]

   It affects your strength (-2).
   It insulates you from electricity.
   It protects you from poison.
   It affects your magic capacity (+9).
   It makes you more stealthy.
 p - an uncursed ring of ice
 B - an uncursed ring of see invisible
 H - a +3 ring of protection
 O - an uncursed ring of positive energy
 X - a ring of protection from fire (right hand)
Wands
 u - a wand of acid (10)
 y - a wand of flame (21)
 K - a wand of polymorph (31)
 N - a wand of iceblast (18)
Scrolls
 l - 8 scrolls of teleportation
 m - 4 scrolls of fear
 n - a scroll of silence
 s - 15 scrolls of remove curse
 v - 4 scrolls of magic mapping
 S - a scroll of fog
 W - 7 scrolls of identify
Potions
 j - 3 potions of invisibility
 q - 5 potions of cancellation
 x - 4 potions of resistance
 C - 10 potions of curing
 D - 4 potions of flight
 F - 4 potions of ambrosia
 I - 6 potions of haste
 J - 5 potions of lignification
 U - 2 potions of might
 Y - 4 potions of agility
Miscellaneous
 T - a lightning rod (4/4)
Comestibles
 f - 44 rations
 R - a chunk of flesh


   Skills:
 + Level 24.8 Fighting
 * Level 20.6 Maces & Flails
 - Level 6.0 Throwing
 + Level 4.4 Armour
 - Level 4.2 Dodging
 - Level 1.2 Spellcasting
 - Level 2.6 Hexes


You had 16 spell levels left.
You knew the following spells:

 Your Spells              Type           Power        Failure   Level  Hunger
a - Portal Projectile     Hex/Tloc       #.....       47%         3    ####...

Your spell library contained the following spells:

 Spells                   Type           Power        Failure   Level  Hunger
 Confusing Touch          Hex            ##....       11%         1    ##.....
 Corona                   Hex            ##.....      11%         1    ##.....
 Slow                     Hex            ##......     16%         2    ###....
 Ensorcelled Hibernation  Hex/Ice        #.....       26%         2    ###....
 Beastly Appendage        Tmut           #.....       30%         1    ##.....
 Magic Dart               Conj           #...         30%         1    ##.....
 Pain                     Necr           #...         30%         1    ##.....
 Sting                    Conj/Pois      #...         30%         1    ##.....
 Summon Butterflies       Summ           #.......     30%         1    ##.....
 Confuse                  Hex            ##......     30%         3    ####...
 Tukima's Dance           Hex            ##......     30%         3    ####...
 Blink                    Tloc           N/A          43%         2    ###....
 Call Imp                 Summ           #.......     43%         2    ###....
 Poisonous Vapours        Pois/Air       #.....       43%         2    ###....
 Searing Ray              Conj           #.....       43%         2    ###....
 Shroud of Golubria       Chrm/Tloc      #.....       43%         2    ###....
 Sticks to Snakes         Tmut           #.......     43%         2    ###....
 Dazzling Spray           Conj/Hex       #.....       47%         3    ####...
 Inner Flame              Hex/Fire       #.......     47%         3    ####...
 Spectral Weapon          Hex/Chrm       #.......     47%         3    ####...
 Summon Guardian Golem    Hex/Summ       #.......     47%         3    ####...
 Call Canine Familiar     Summ           #.......     67%         3    ####...
 Conjure Flame            Conj/Fire      #.......     67%         3    ####...
 Gell's Gravitas          Tloc           #.........   67%         3    ####...
 Lesser Beckoning         Tloc           #.........   67%         3    ####...
 Mephitic Cloud           Conj/Pois/Air  #.......     67%         3    ####...
 Ozocubu's Armour         Chrm/Ice       #.......     67%         3    ####...
 Recall                   Summ/Tloc      N/A          67%         3    ####...
 Spider Form              Tmut/Pois      #.........   67%         3    ####...
 Teleport Other           Tloc           #.......     67%         3    ####...
 Cause Fear               Hex            ##........   71%         4    #####..
 Fulminant Prism          Conj/Hex       #.........   87%         4    #####..
 Leda's Liquefaction      Hex/Erth       #.........   87%         4    #####..
 Force Lance              Conj/Tloc      #.......     97%         4    #####..
 Ice Form                 Ice/Tmut       #.......     97%         4    #####..
 Iskenderun's Mystic Bla  Conj           #.......     97%         4    #####..
 Passage of Golubria      Tloc           N/A          97%         4    #####..
 Petrify                  Tmut/Erth      #.......     97%         4    #####..
 Summon Ice Beast         Ice/Summ       #.......     97%         4    #####..
 Metabolic Englaciation   Hex/Ice        #.........   99%         5    ######.
 Summon Mana Viper        Hex/Summ       #.......     99%         5    ######.
 Yara's Violent Unravell  Hex/Tmut       #.........   99%         5    ######.
 Blade Hands              Tmut           #.........   100%        5    ######.
 Bolt of Draining         Conj/Necr      #.........   100%        5    ######.
 Borgnjor's Vile Clutch   Necr/Erth      #.........   100%        5    ######.
 Venom Bolt               Conj/Pois      #.........   100%        5    ######.
 Deflect Missiles         Chrm/Air       #.........   100%        6    #######
 Freezing Cloud           Conj/Ice/Air   #.........   100%        6    #######
 Ozocubu's Refrigeration  Ice            #.........   100%        6    #######
 Malign Gateway           Summ/Tloc      #.........   100%        7    #######
 Ring of Flames           Chrm/Fire      #.........   100%        7    #######
 Summon Hydra             Summ           #.........   100%        7    #######


Dungeon Overview and Level Annotations

Branches:
Dungeon (15/15)            Temple (1/1) D:5            Lair (6/6) D:11
  Swamp (4/4) Lair:2       Spider (0/4) Lair:3        Slime (0/5) Lair:6
    Orc (2/2) D:9             Elf (2/3) Orc:2        Vaults (0/5) D:13
 Depths (0/5) D:15          IceCv (visited)         Volcano (visited)

Altars:
Ashenzari
Cheibriados
Dithmenos
Elyvilon
Fedhas
Gozag
Hepliaklqana
Kikubaaqudgha
Makhleb
Nemelex Xobeh
Okawaru
Qazlal
Ru
Sif Muna
Trog
Uskayaw
Vehumet
Wu Jian
Xom
Yredelemnul
Zin
The Shining One
Beogh
Jiyva

Shops:
D:9 *   D:11 (   Orc:1 [   Orc:2 *=!}

Annotations:
D:14 exclusion: downstairs
Swamp:1 2 transporters
Elf:2 3 runed translucent doors


Innate Abilities, Weirdness & Mutations

You are too large for most types of armour.
You have tough skin. (AC +1)


Message History

You hear some strange, mumbled words.
A shard of ice appears from out of thin air!
The shard of ice hits you!! Something blocks your attack.
You hear some strange, mumbled words.
A shard of ice appears from out of thin air!
The shard of ice hits you!!
* * * LOW HITPOINT WARNING * * *
You thump something!
You hear some strange, mumbled words.
A shard of ice appears from out of thin air!
The shard of ice hits you!!
* * * LOW HITPOINT WARNING * * *
You barely miss something.
You hear some strange, mumbled words.
A shard of ice appears from out of thin air!
The shard of ice hits you!!!
* * * LOW HITPOINT WARNING * * *
You barely miss something. Something hits you.
You die...

#.......########.##
#.......'.....'.(.#
'.......#######)..##
#.......# #)..).#
#.......# #.....#
######### ###'###
#.# #.# #@# #{#
###'### #.....# ###
#...).# ..#
#[......# ..#
#.......# ..#
#........(# #.#
##.......##


There were no monsters in sight!

Vanquished Creatures
  Jorgrun (Swamp:2)
  Frances (D:14)
  Donald (Elf:1)
  A thorn hunter (Swamp:4)
  An orc warlord (D:9)
  A deep elf sorcerer (Elf:1)
  The ghost of FishyPogo the Martial Artist, a journeyman GnTm of Makhleb (Orc:1)
  2 very ugly things (IceCv)
  3 vault guards (D:13)
  Fannar (D:12)
  A rakshasa (D:15)
  2 shambling mangroves
  3 centaur warriors
  12 hydras
  Erica (D:8)
  A merfolk avatar (Lair:6)
  A death knight (D:15)
  17 alligators
  6 two-headed ogres
  11 death yaks
  8 dancing weapons
  2 tengu warriors (D:14)
  Urug (Lair:2)
  Nergalle (Lair:1)
  4 deep elf knights
  A fire crab (D:15)
  2 unseen horrors
  4 skeletal warriors
  A glowing orange brain (D:15)
  A sea snake (Lair:6)
  A spriggan druid (Swamp:3)
  8 swamp dragons
  3 deep elf archers
  3 orc knights
  A phantasmal warrior (D:15)
  A harpy (Lair:6)
  The ghost of Destapler the Cleaver, a novice MiFi of Makhleb (D:6)
  5 lindwurms
  19 ugly things
  2 orc sorcerers (Orc:1)
  An oklob plant (D:11)
  2 cyclopes
  29 deep elf magi
  5 manticores
  A toenail golem (Volcano)
  13 elephants
  3 black mambas (Lair:6)
  5 ice statues (IceCv)
  2 molten gargoyles (Volcano)
  29 spiny frogs
  A gargoyle (D:14)
  2 centaur skeletons
  3 efreet
  11 komodo dragons
  A freezing wraith (D:15)
  15 rime drakes
  3 tengu conjurers
  A queen bee (Lair:3)
  8 trolls
  8 tyrant leeches
  2 polar bears (Lair:6)
  A wind drake (Lair:6)
  A jumping spider (Lair:3)
  9 hornets
  3 meliai (D:15)
  13 hippogriffs
  15 slime creatures
  20 blink frogs
  A meliai zombie (D:11)
  11 dream sheep
  11 bog bodies
  A snapping turtle (shapeshifter) (D:15)
  4 spriggans
  11 redbacks
  2 air elementals (Elf:1)
  4 shadows
  Sigmund (D:6)
  3 water elementals
  21 yaks
  3 vampires
  8 fire elementals
  6 wraiths (D:7)
  2 dire elephant simulacra (IceCv)
  9 wyverns
  3 hungry ghosts
  9 basilisks
  8 humans (D:13)
  15 vampire mosquitoes
  3 wargs
  A steam dragon (D:12)
  2 iron troll simulacra (IceCv)
  A harpy simulacrum (IceCv)
  2 hydra simulacra (IceCv)
  16 swamp worms
  9 insubstantial wisps (Swamp:1)
  An acid dragon (D:15)
  17 water moccasins
  4 hell hounds
  4 sky beasts
  50 orc warriors
  8 porcupines
  16 swamp drakes
  A black bear (D:11)
  2 ettin simulacra (IceCv)
  10 ice beasts
  14 ogres
  5 phantoms
  A necrophage (D:10)
  19 centaurs
  18 wolves
  17 crocodiles
  A big kobold (D:7)
  15 bullfrogs
  A gnoll sergeant (Orc:2)
  5 earth elementals
  5 scorpions
  33 killer bees
  21 wights
  4 electric eels
  2 howler monkeys
  9 crimson imps
  A bullfrog zombie (D:10)
  2 jellies
  A gnoll shaman (D:7)
  6 hounds
  Crazy Yiuf (D:3)
  2 centaur zombies
  22 orc wizards
  3 bullfrog skeletons
  20 orc priests
  An iguana (D:7)
  Terence (D:2)
  11 worker ants
  A hell rat (Lair:3)
  A hound zombie (D:8)
  A howler monkey zombie (D:8)
  9 gnolls
  17 adders
  A river rat (Lair:3)
  4 shadow imps
  3 oozes
  An adder zombie (D:9)
  An adder skeleton (D:7)
  A worm (shapeshifter) (D:15)
  4 worms
  3 dart slugs
  4 leopard geckos
  92 orcs
  A ball python (D:3)
  9 giant cockroaches
  12 goblins
  12 hobgoblins
  13 jackals
  16 kobolds
  4 quokkas
  13 bats
  5 frilled lizards
  3 quokka skeletons
  9 rats
  A fire vortex (Volcano)
  A fungus (Lair:3)
  11 plants (D:11)
1118 creatures vanquished.

Vanquished Creatures (collateral kills)
  2 hydras (Swamp:4)
  2 shambling mangroves
  A tyrant leech (Swamp:2)
  A hornet (Swamp:4)
  A slime creature (Swamp:2)
  A swamp worm (Swamp:2)
8 creatures vanquished.

Vanquished Creatures (others)
  A spriggan (Swamp:4)
  A human (D:13)
  A vampire mosquito (D:13)
  A swamp drake (Swamp:2)
  2 briar patches (Swamp:4)
  A fire vortex (Volcano)
  11 fungi
  14 plants (Lair:6)
32 creatures vanquished.

Grand Total: 1158 creatures vanquished

Notes
Turn   | Place    | Note
-------+----------+-------------------------------------------
     0 | D:1      | 1994 the Ogre Arcane Marksman began the quest for the Orb.
     0 | D:1      | Reached XP level 1. HP: 19/19 MP: 2/2
   119 | D:1      | Reached skill level 2 in Fighting
   528 | D:1      | Reached XP level 2. HP: 29/29 MP: 3/3
   542 | D:1      | Reached skill level 3 in Fighting
  1091 | D:1      | Reached XP level 3. HP: 34/37 MP: 4/4
  1437 | D:1      | Reached skill level 1 in Maces & Flails
  2387 | D:2      | Reached XP level 4. HP: 38/46 MP: 5/5
  3419 | D:2      | Reached XP level 5. HP: 51/53 MP: 6/6
  3597 | D:3      | Noticed Terence
  3623 | D:2      | Killed Terence
  3760 | D:3      | Found a runed translucent door.
  3761 | D:3      | Noticed Crazy Yiuf
  3785 | D:3      | Killed Crazy Yiuf
  4118 | D:3      | Learned a level 3 spell: Portal Projectile
  4128 | D:3      | Found a shattered altar of Ashenzari.
  4162 | D:3      | Reached XP level 6. HP: 36/61 MP: 7/7
  5476 | D:4      | Noticed a phantom
  5504 | D:4      | Killed a phantom
  5504 | D:4      | Reached skill level 4 in Fighting
  5504 | D:4      | Reached XP level 7. HP: 59/70 MP: 8/8
  5944 | D:4      | Reached skill level 5 in Maces & Flails
  6583 | D:5      | Entered Level 5 of the Dungeon
  6595 | D:5      | Reached skill level 5 in Fighting
  6830 | D:5      | Found a staircase to the Ecumenical Temple.
  6839 | Temple   | Entered the Ecumenical Temple
  7005 | Temple   | Became a worshipper of Trog the Wrathful
  7227 | D:5      | Reached XP level 8. HP: 73/83 MP: 9/9
  7620 | D:5      | Reached skill level 6 in Fighting
  8626 | D:6      | Noticed Sigmund
  8750 | D:6      | Killed Sigmund
  8750 | D:6      | Reached skill level 7 in Fighting
  9377 | D:6      | Reached XP level 9. HP: 77/93 MP: 10/10
  9573 | D:6      | Found a transporter.
  9573 | D:6      | Noticed Destapler's ghost (novice MiFi)
  9577 | D:6      | Identified the +5 dire flail "Hellblazer" {protect, Str+4}
  9578 | D:6      | Found a transporter.
  9592 | D:6      | Reached * piety under Trog
  9853 | D:6      | Reached skill level 8 in Fighting
 11241 | D:7      | Reached skill level 9 in Fighting
 11504 | D:7      | Reached skill level 5 in Throwing
 11975 | D:7      | Reached XP level 10. HP: 40/107 MP: 11/11
 12290 | D:7      | Found the +5 scythe "Finisher" {speed, eviscerate}
 12425 | D:7      | Reached skill level 10 in Maces & Flails
 12580 | D:8      | Noticed Erica
 12634 | D:8      | Killed Erica
 12634 | D:8      | Reached skill level 10 in Fighting
 12636 | D:8      | Reached ** piety under Trog
 13400 | D:8      | Identified the Tome of the Mackerel
 13463 | D:8      | Found a shimmering blue altar of Sif Muna.
 13549 | D:8      | Noticed a two-headed ogre
 13586 | D:8      | Killed a two-headed ogre
 13774 | D:8      | Reached skill level 11 in Fighting
 13872 | D:8      | Identified the +7 falchion of Superiority {flame, MR+}
 14229 | D:9      | Reached XP level 11. HP: 120/120 MP: 12/12
 14674 | D:6      | Killed Destapler's ghost
 14780 | D:9      | Reached *** piety under Trog
 14844 | D:9      | Found Rohegeno's Assorted Antiques.
 14996 | D:9      | Bought a scroll labeled DEETEA MIUJA for 30 gold pieces
 14996 | D:9      | Bought a scroll labeled DEETEA MIUJA for 30 gold pieces
 15212 | D:9      | Noticed a two-headed ogre
 15236 | D:9      | Killed a two-headed ogre
 15236 | D:9      | Reached skill level 12 in Fighting
 15306 | D:9      | Received a gift from Trog
 15388 | D:9      | Found a staircase to the Orcish Mines.
 15547 | D:10     | Entered Level 10 of the Dungeon
 15567 | D:10     | Reached **** piety under Trog
 16274 | D:10     | Found Caorulad's Jewellery Shoppe.
 16380 | D:10     | Found a roughly hewn altar of Beogh.
 16889 | D:11     | Noticed a purple ugly thing
 16910 | D:11     | Killed a purple ugly thing
 16919 | D:11     | Noticed an oklob plant
 16941 | D:11     | Found a staircase to the Lair.
 17036 | D:11     | Found Gomiohorcho's Antique Weapon Shoppe.
 17089 | D:11     | Noticed a two-headed ogre
 17102 | D:11     | Killed a two-headed ogre
 17102 | D:11     | Reached skill level 13 in Fighting
 17134 | D:11     | Noticed a cyan ugly thing
 17140 | D:11     | Killed a cyan ugly thing
 17352 | D:11     | Noticed a white ugly thing
 17361 | D:11     | Killed a white ugly thing
 17530 | D:11     | Reached XP level 12. HP: 131/136 MP: 13/13
 17628 | D:11     | Found a glowing golden altar of the Shining One.
 17790 | D:11     | Noticed a two-headed ogre
 17803 | D:11     | Killed a two-headed ogre
 17803 | D:11     | Reached skill level 14 in Fighting
 18029 | Lair:1   | Entered Level 1 of the Lair of Beasts
 18262 | Lair:1   | Noticed a four-headed hydra
 18270 | Lair:1   | Killed a four-headed hydra
 18495 | Lair:1   | Found an opulent altar of Gozag.
 18838 | Lair:1   | Noticed Nergalle
 18858 | Lair:1   | Killed Nergalle
 18858 | Lair:1   | Received a gift from Trog
 18858 | Lair:1   | Reached skill level 15 in Fighting
 19526 | Lair:2   | Found a staircase to the Swamp.
 19833 | Lair:2   | Reached ***** piety under Trog
 19854 | Lair:2   | Noticed Urug
 19878 | Lair:2   | Killed Urug
 20002 | Lair:2   | Reached XP level 13. HP: 152/152 MP: 14/14
 20550 | Lair:3   | Reached skill level 16 in Fighting
 20751 | Lair:3   | Received a gift from Trog
 21074 | Lair:3   | Found a hole to the Spider Nest.
 22532 | Lair:3   | Found a hole to the Spider Nest.
 22809 | Lair:4   | Found a dark tunnel.
 22842 | Volcano  | Entered a volcano
 23106 | Volcano  | Reached skill level 17 in Fighting
 23234 | Volcano  | Received a gift from Trog
 24122 | Lair:4   | Reached skill level 18 in Fighting
 24672 | Lair:4   | Reached skill level 15 in Maces & Flails
 24672 | Lair:4   | Reached XP level 14. HP: 110/169 MP: 15/15
 26334 | Lair:5   | Reached skill level 19 in Fighting
 26601 | Lair:6   | Entered Level 6 of the Lair of Beasts
 26602 | Lair:6   | Found a viscous altar of Jiyva.
 26602 | Lair:6   | Found a staircase to the Slime Pits.
 27007 | Lair:5   | Received a gift from Trog
 27794 | Lair:6   | Reached XP level 15. HP: 182/183 MP: 16/16
 27850 | Lair:6   | Reached skill level 20 in Fighting
 29485 | D:12     | Noticed Fannar
 29515 | D:12     | Killed Fannar
 29719 | D:12     | Received a gift from Trog
 30572 | D:12     | Received a gift from Trog
 30753 | D:13     | Reached skill level 21 in Fighting
 31207 | D:13     | Found a gate to the Vaults.
 31543 | D:13     | Reached ****** piety under Trog
 32027 | Orc:1    | Entered Level 1 of the Orcish Mines
 32064 | Orc:1    | Found Rialyemp's Antique Armour Shoppe.
 32077 | Orc:1    | Noticed an orc warlord
 32119 | D:9      | Killed an orc warlord
 32843 | Orc:2    | Entered Level 2 of the Orcish Mines
 32843 | Orc:2    | Found a runed translucent gate.
 32843 | Orc:2    | Found a runed translucent gate.
 32843 | Orc:2    | Found a runed translucent gate.
 32845 | Orc:2    | Noticed FishyPogo's ghost (journeyman GnTm)
 32905 | Orc:1    | Killed FishyPogo's ghost
 32987 | Orc:1    | Received a gift from Trog
 32988 | Orc:1    | Found the +7 Spriggan's Knife {stab, EV+4 Stlth+}
 33259 | Orc:1    | Reached XP level 16. HP: 198/198 MP: 17/17
 33261 | Orc:1    | Reached skill level 22 in Fighting
 33931 | Orc:2    | Found Lesov's Distillery.
 33931 | Orc:2    | Found Yryakym's Jewellery Shop.
 33933 | Orc:2    | Found Zoshruogo's General Store.
 33935 | Orc:2    | Found Bocirun's Gadget Emporium.
 33943 | Orc:2    | Bought a potion of heal wounds for 60 gold pieces
 33946 | Orc:2    | Bought a potion of curing for 42 gold pieces
 34333 | Orc:2    | Found a staircase to the Elven Halls.
 34834 | D:14     | Noticed Frances
 34861 | D:14     | Killed Frances
 35053 | D:14     | Received a gift from Trog
 35093 | D:14     | Found a gate leading to a gauntlet.
 35247 | D:14     | Identified Sif Muna's Disquisition on Nocuous Calling
 35390 | D:15     | Entered Level 15 of the Dungeon
 36085 | D:15     | Found a staircase to the Depths.
 36302 | D:15     | Reached skill level 23 in Fighting
 36463 | D:15     | Found a runed translucent door.
 36465 | D:15     | Identified the +7 morningstar of Capital Punishment {vamp,
                  | rElec MR++ Dex-5 Stlth+}
 37324 | D:15     | Identified the Guide on Boosts
 37639 | Swamp:1  | Entered Level 1 of the Swamp
 37732 | Swamp:1  | Found a transporter.
 37998 | Swamp:2  | Noticed Jorgrun
 38020 | Swamp:2  | Killed Jorgrun
 38921 | Swamp:1  | Found a transporter.
 38992 | Swamp:1  | Received a gift from Trog
 39661 | Swamp:1  | Got a shimmering marble ring
 39664 | Swamp:1  | Identified the ring "Qofrio Xinath" {rElec rPois MP+9 Str-2
                  | Stlth+} (You found it on level 1 of the Swamp)
 41081 | Swamp:2  | Reached XP level 17. HP: 197/214 MP: 18/18
 41116 | Swamp:2  | Received a gift from Trog
 42077 | Swamp:3  | Received a gift from Trog
 42928 | Swamp:4  | Entered Level 4 of the Swamp
 43017 | Swamp:4  | Reached skill level 24 in Fighting
 43238 | Swamp:4  | Found a frozen archway.
 43277 | Swamp:4  | Received a gift from Trog
 43316 | IceCv    | Entered an ice cave
 44666 | Swamp:4  | Reached skill level 1 in Armour
 46142 | Swamp:4  | Got a decaying rune of Zot
 46623 | Swamp:4  | Received a gift from Trog
 47276 | Elf:1    | Entered Level 1 of the Elven Halls
 47337 | Elf:1    | Noticed Donald
 47341 | Elf:1    | Killed Donald
 47552 | Elf:1    | Reached XP level 18. HP: 185/227 MP: 9/19
 47738 | Elf:1    | Identified the Catalogue of Attacks and the Entourage
 48202 | Elf:1    | Received a gift from Trog
 48975 | Elf:1    | Received a gift from Trog
 49305 | Elf:2    | Found a runed translucent gate.
 49306 | Elf:2    | Found a runed translucent gate.
 49307 | Elf:2    | Found a runed translucent gate.
 49415 | Elf:2    | HP: 2/227 [something/shard of ice (37)]
 49416 | Elf:2    | Slain by a deep elf knight

Levels and vault maps discovered:
D:1:      dpeg_arrival_chase, layout_basic
D:2:      cheibrodos_greedy_goblins, layout_basic
D:3:      layout_basic, cheibrodos_ashenzari_chains, uniq_crazy_yiuf_cottage,
          uniq_terence
D:4:      layout_loops_corners
D:5:      layout_basic, minmay_temple_entry_junction, first_ration,
          kennysheep_decorative_pillar
D:6:      layout_rooms, gammafunk_ghost_smash, uniq_sigmund
D:7:      layout_basic, the_bakery, minmay_guarded_unrand_finisher
D:8:      layout_loops_ring, lemuel_doored_altar, st_stairs_6,
          grunt_ministairs_9, uniq_erica
D:9:      layout_roguey, hiddenorc1_lemuel, serial_shops,
          nicolae_shop_overgrown_old_shop, minmay_door_square
D:10:     layout_grid_maze, minmay_shop_enchanted_jewellery,
          david_defended_altar_orc
D:11:     layout_roguey, dpeg_oklobed_lair, serial_shops, nicolae_shop_stone,
          nicolae_tso_carved_into_rock
D:12:     layout_cave_pods, uniq_fannar
D:13:     layout_cave_pods, ximxim_vaults_locker_room
D:14:     layout_cave_pools, gauntlet_entry_generic, uniq_frances
D:15:     gammafunk_enter_depths_forms, layout_layer_cave, skrybe_limestone_x,
          hangedman_abyss_or_decor_lesser_grid, minmay_st_funbox,
          minmay_misc_feat_chi
Temple:   regret_index_temple_chain_breaker
Lair:1:   layout_small_grid, basic_altar, uniq_nergalle
Lair:2:   layout_loops_ring, nicolae_swamp_entry_splash_gauntlet,
          serial_bayou_shore_b, uniq_urug
Lair:3:   regret_index_combs_of_tragedy, layout_big_grid,
          spider_nest_entry_funnel_web, beast_lair_carwin_2
Lair:4:   layout_cave_shapes, enter_volcano_3, beast_lair_carwin_10,
          serial_bayou_shore_a
Lair:5:   layout_cave_pods, grunt_megastairs_3, serial_bayou_shore_b
Lair:6:   gammafunk_lair_ancient_temple, layout_cave_pods, slime_altar_1,
          special_room [special_room_mythical_zoo], minmay_lair_drake_nest,
          infiniplex_staircase_pool_2
Swamp:1:  gammafunk_its_a_trap, layout_falls_marsh, hangedman_swamp_ruin_wall
Swamp:2:  layout_basic_swamp, infiniplex_staircase_pool, uniq_jorgrun
Swamp:3:  layout_falls_marsh, evilmike_swamp_ruin_rubble_1
Swamp:4:  swamp_alternative, layout_basic_swamp, portal_ice_cave_entry_pillars_1
Orc:1:    layout_caves, serial_shops, shop
Orc:2:    st_orc_rangers, layout_caves, ebering_ghost_rock_garden,
          sword_in_stone
Elf:1:    eino_elf_arrival_customs, layout_loops_corners, minmay_elf_sorcery,
          minivault_20, drop_trap, uniq_donald
Elf:2:    layout_geoelf_octagon

Skill      XL: |  1  2  3  4  5  6  7  8  9 10 11 12 13 14 15 16 17 18 |
---------------+-------------------------------------------------------+-----
Fighting       | 2 3 4 5 7 9 11 13 15 18 19 21 23 24 | 24.8
Maces & Flails | 1 2 3 4 6 7 9 11 12 14 15 17 18 19 20 | 20.6
Throwing       | 3 4 5 6 |  6.0
Dodging        | 4 |  4.2
Armour         | 3 4 |  4.4
Spellcasting   | |  1.2
Hexes          | |  2.6

Action                   |  1- 3 |  4- 6 |  7- 9 | 10-12 | 13-15 | 16-18 || total
-------------------------+-------+-------+-------+-------+-------+-------++-------
Melee: Dagger            |    66 |   253 |   266 |    10 |       |       ||   595
       Unarmed           |     5 |       |       |       |       |       ||     5
       Short sword       |   139 |    20 |       |       |       |       ||   159
       Mace              |     4 |       |       |       |       |       ||     4
       Flail             |       |    11 |   155 |   101 |       |       ||   267
       Giant club        |       |       |    19 |    81 |       |   218 ||   318
       Dire flail        |       |       |       |   581 |  1749 |   480 ||  2810
       Giant spiked club |       |       |       |    13 |       |    16 ||    29
       Great mace        |       |       |       |       |       |   668 ||   668
       Staff             |       |       |       |       |       |    48 ||    48
       Eveningstar       |       |       |       |       |       |     3 ||     3
 Fire: Hunting sling     |       |     5 |       |       |       |       ||     5
Throw: Stone             |     9 |       |    20 |     3 |    12 |    42 ||    86
       Dart              |     6 |    12 |    18 |       |       |       ||    36
       Boomerang         |       |       |       |    32 |    25 |       ||    57
       Javelin           |       |       |       |     3 |       |       ||     3
       Large rock        |       |       |       |       |       |    32 ||    32
Invok: Berserk           |       |       |       |     7 |     4 |    10 ||    21
       Trog's Hand       |       |       |       |       |     6 |     2 ||     8
       Brothers in Arms  |       |       |       |       |       |     4 ||     4
Evoke: Wand              |       |       |       |     1 |     1 |     5 ||     7
  Use: Scroll            |       |     6 |     7 |     8 |     7 |    16 ||    44
       Potion            |       |       |       |       |       |     6 ||     6
 Stab: Sleeping          |       |     2 |     2 |       |       |       ||     4
       Confused          |       |       |       |       |       |     1 ||     1
  Eat: Chunk             |     5 |    10 |    21 |    23 |    43 |    34 ||   136
       Ration            |       |       |       |     3 |     2 |     9 ||    14
Armor: Robe              |    74 |    97 |   180 |   125 |       |    27 ||   503
       Troll leather arm |       |       |       |   119 |   586 |   286 ||   991
       Acid dragon scale |       |       |       |       |       |    64 ||    64
       Ice dragon scales |       |       |       |       |       |    29 ||    29
       Swamp dragon scal |       |       |       |       |       |    66 ||    66
Dodge: Dodged            |   141 |   159 |   246 |   335 |   837 |   641 ||  2359
